 Dungeon Crawl Stone Soup version 0.31-a0-1098-g6898e6545c (webtiles) character file.

Game seed: 4504332380012329081

56 kae the Vexing (level 3, 0/25 HPs)
             Began as a Demonspawn Enchanter on Nov 30, 2023.
             Was an Initiate of Dithmenos.
             Slain by a sleepcap (19 damage)
             ... on level 4 of the Dungeon.
             The game lasted 00:01:38 (2838 turns).

kae the Vexing (Demonspawn Enchanter)               Turns: 2838, Time: 00:01:39

Health: 0/25       AC:  2    Str: 10    XL:     3   Next: 69%
Magic:  6/6        EV:  2    Int: 15    God:    Dithmenos [......]
Gold:   205        SH:  0    Dex: 13    Spells: 4/6 levels left

rFire   . . .        a - +1 dagger
rCold   . . .        (no shield)
rNeg    . . .        b - +0 robe
rPois   .            (no helmet)
rElec   .            (no cloak)
rCorr   .            (no gloves)
SInv    .            (no boots)
Will    .....        (no amulet)
Stlth   ++           (no ring)
HPRegen 0.24/turn    (no ring)
MPRegen 0.10/turn

%: no passive effects
@: sleeping
A: powered by pain 1, condensation shield
a: Renounce Religion


You were on level 4 of the Dungeon.
You worshipped Dithmenos.
Dithmenos was noncommittal.
You visited 1 branch of the dungeon, and saw 4 of its levels.

You collected 205 gold pieces.


Innate Abilities, Weirdness & Mutations

You sometimes gain a little power by taking damage.
A meltable shield of frost defends you. (SH +4)


   Skills:
 + Level 0.6 Fighting
 * Level 1.7 Short Blades
 - Level 2.0 Dodging
 * Level 3.1 Stealth
 + Level 2.2 Spellcasting
 * Level 3.3 Hexes
 + Level 0.3 Ice Magic
 + Level 0.0 Invocations


You had 4 spell levels left.
You knew the following spells:

 Your Spells              Type           Power      Damage    Failure   Level
a - Ensorcelled Hibernat  Hex/Ice        14%        N/A       16%         2

Your spell library contained the following spells:

 Spells                   Type           Power      Damage    Failure   Level
 Confusing Touch          Hex            11%        N/A       17%         3
 Tukima's Dance           Hex            11%        N/A       17%         3
 Sandblast                Erth           2%         2d4       22%         1
 Blink                    Tloc           2%         N/A       32%         2
 Lesser Beckoning         Tloc           2%         N/A       32%         2
 Momentum Strike          Conj/Tloc      2%         3d8       32%         2
 Passwall                 Tmut/Erth      0%         N/A       32%         2
 Dazzling Flash           Conj/Hex       12%        N/A       32%         3
 Stone Arrow              Conj/Erth      2%         3d7       54%         3
 Brom's Barrelling Bould  Conj/Erth      1%         2d3       91%         4

Inventory:

Hand Weapons
 a - a +1 dagger (weapon)
Missiles
 e - 31 stones
 h - 3 atropa-tipped darts
 i - 3 poisoned darts
Armour
 b - a +0 robe (worn)
Jewellery
 D - a +6 ring of dexterity
   (You found it on level 2 of the Dungeon)
 G - an amulet of guardian spirit
   (You found it on level 3 of the Dungeon)
 W - a ring of magical power
   (You found it on level 3 of the Dungeon)
Wands
 l - a wand of roots (8)
   (You found it on level 2 of the Dungeon)
Scrolls
 g - a scroll of teleportation {@r4}
 k - a scroll of acquirement {unknown}
 n - a scroll of revelation {unknown}
Potions
 c - 2 potions of invisibility
 d - 2 potions of curing {unknown}
 f - 2 potions of attraction {unknown}
 j - a potion of magic
 m - a potion of cancellation {unknown}

Dungeon Overview and Level Annotations

Branches:
Dungeon (4/15) Zot: 21167
 Temple: D:4-7

Altars:
Dithmenos
Ru

##.# ####
...#####.#.##
#.......###.# #
#..#####.#..## .#
##....## ..#
.###......####.#.#
#.................#
#####......##.....#
##..#..@fh....^
########h.....
Y.... .... ... .. .


You could see an ice beast (wandering), a sleepcap and 2 jackals.


Message History

Casting: Ensorcelled Hibernation (safe; 16% risk of failure)
Confirm with . or Enter, or press ? or * to list all spells.
Aiming: Ensorcelled Hibernation (safe; 16% risk of failure)
Press: ? - help, Shift-Dir - straight line, f/p - worm
Aim: a worm (severely wounded, chance to affect: 50%)
You miscast Ensorcelled Hibernation.
Nothing appears to happen. 😎 MP[-2]
You lost 2 mp, and now have 2/6 mp.
Casting: Ensorcelled Hibernation (safe; 16% risk of failure)
Confirm with . or Enter, or press ? or * to list all spells.
Aiming: Ensorcelled Hibernation (safe; 16% risk of failure)
Press: ? - help, Shift-Dir - straight line, f/p - worm
Aim: a worm (severely wounded, chance to affect: 50%)
The worm looks drowsy... 😎 MP[-2]
You lost 2 mp, and now have 0/6 mp.
The helpless worm fails to defend itself.
You puncture the worm!
You kill the worm!
No target in view!
Your magical contamination has completely faded away.
No target in view!
No target in view! 😎 MP[+1] Key pressed, stopping explore.
No target in view!
No target in view! 😎 MP[+3]
You regained 3 mp, and now have 4/6 mp.
There is a stone staircase leading up here.
Key pressed, stopping explore.
No target in view!
No target in view! 😎 MP[+2]
Your mp is fully restored (6).
There is a stone staircase leading down here.
An orc comes into view. It is wielding a +0 club.
Found a tubular iron ring.
Found a shadowy altar of Dithmenos.
An orc is nearby!
An orc is nearby!
The helpless orc fails to defend itself.
You puncture the orc!
You kill the orc!
No target in view!
No target in view!
No target in view!
There is a shadowy altar of Dithmenos here.
You kneel at the altar of Dithmenos.
Dithmenos welcomes you!
W - a ring of magical power
Things that are here:
a +0 club; a +0 chain mail Unknown command.
You now have 205 gold pieces (gained 9).
f - 2 lumpy inky potions (gained 1)
Found a sacrificial altar of Ru.
A giant cockroach comes into view.
A giant cockroach is nearby!
You hit the giant cockroach but do no damage.
The giant cockroach closely misses you.
A giant cockroach is nearby!
You hit the giant cockroach. You block the giant cockroach's attack.
You barely miss the giant cockroach.
The giant cockroach bites you but does no damage.
A giant cockroach is nearby!
You hit the giant cockroach. The giant cockroach barely misses you.
You hit the giant cockroach but do no damage.
The giant cockroach misses you.
You hit the giant cockroach.
You kill the giant cockroach!
Dithmenos accepts your kill.
No target in view!
No target in view!
No target in view!
Found a stone staircase leading up.
No target in view!
No target in view!
There is a stone staircase leading up here.
There is a sacrificial altar of Ru here.
Done exploring.
Done exploring.
No target in view!
No target in view!
Done exploring.
No target in view!
No target in view!
Done exploring.
No target in view!
No target in view!
Done exploring.
There is a stone staircase leading down here.
You climb downwards.
The sleepcap releases spores at you!
You are engulfed in a cloud of soporific spores!
You fall asleep.
The sleepcap barely misses you.
An ice beast comes into view.
The sleepcap releases spores at you!!
Ouch! That really hurt!
You die...

Skill      XL: |  1  2 |
---------------+-------+-----
Short Blades   | 1 |  1.7
Stealth        | 3 |  3.1
Dodging        | 2 |  2.0
Fighting       | |  0.6
Spellcasting   | |  2.2
Hexes          | |  3.3
Ice Magic      | |  0.3

Action                     || total
---------------------------++-------
  Melee: Dagger            ||   152
   Cast: Ensorcelled Hiber ||     8
    Use: Scroll            ||     6
   Stab: Sleeping          ||    14
 Armour: Robe              ||    60
  Dodge: Dodged            ||   105
  Block: Other             ||    16

Levels and vault maps discovered:
D:1:      lightli_arrival_boilingwater, layout_loops_ring,
          hellmonk_ecumenical_altar_crossroads
D:2:      layout_basic, chequers_serial_rivers_room_a, grunt_ministairs_2,
          minmay_pentomino_r2
D:3:      layout_basic, mainiacjoe_overflow_cross_hatched,
          nicolae_dithmenos_through_a_glass_darkly
D:4:      layout_loops_ring, dk_yredelemnul_ordeal, st_stairs_6

Notes
Turn   | Place    | Note
-------+----------+-------------------------------------------
     0 | D:1      | kae the Demonspawn Enchanter began the quest for the Orb.
     0 | D:1      | Reached XP level 1. HP: 13/13 MP: 3/3
     0 | D:1      | magus.rc [v1.11.3]
    39 | D:1      | Reached skill level 1 in Short Blades
   186 | D:1      | Gained mutation: You sometimes gain a little power by
                  | taking damage. [demonic ancestry]
   186 | D:1      | Reached XP level 2. HP: 16/19 MP: 5/5
   189 | D:1      | Learned a level 2 spell: Ensorcelled Hibernation
   417 | D:1      | You pick up a book of Spatial Translocations and begin
                  | reading...
   417 | D:1      | You add the spells Blink, Momentum Strike and Lesser
                  | Beckoning to your library.
   500 | D:1      | Found a faded altar of an unknown god.
   776 | D:1      | Reached skill level 3 in Stealth
   916 | D:2      | Reached skill level 2 in Dodging
  1077 | D:2      | Gained mutation: A meltable shield of frost defends you.
                  | (SH +4) [demonic ancestry]
  1077 | D:2      | Reached XP level 3. HP: 25/25 MP: 6/6
  1530 | D:2      | You fall into a shaft and drop 2 floors!
  2024 | D:2      | You pick up a book of Geomancy and begin reading...
  2024 | D:2      | You add the spells Sandblast, Passwall, Stone Arrow and
                  | Brom's Barrelling Boulder to your library.
  2617 | D:3      | Found a shadowy altar of Dithmenos.
  2623 | D:3      | Became a worshipper of Dithmenos the Shadowed
  2733 | D:3      | Found a sacrificial altar of Ru.
  2838 | D:4      | Noticed an ice beast
  2838 | D:4      | Slain by a sleepcap

Vanquished Creatures
  2 worms
  A dart slug (D:2)
  An orc (D:3)
  4 bats
  5 endoplasms
  3 giant cockroaches
  3 goblins
  5 hobgoblins
  2 jackals (D:2)
  6 kobolds
  2 quokkas (D:2)
  A ball python (D:2)
  2 frilled lizards
  5 rats
42 creatures vanquished.

Table legend:
 A = Non-vault XP
 B = Vault XP
 C = Vault XP percentage of total XP
 D = Non-vault monster count
 E = Vault monster count
 F = Vault count percentage of total count
                 A         B        C        D         E       F
            +---------+---------+-------+---------+---------+-------
      Total |      72 |       8 |  10.0 |      37 |       5 |  11.9
            +---------+---------+-------+---------+---------+-------
        D:1 |      30 |       0 |   0.0 |      17 |       0 |   0.0
        D:2 |      27 |       8 |  22.9 |      14 |       5 |  26.3
        D:3 |      13 |       0 |   0.0 |       5 |       0 |   0.0
        D:4 |       2 |       0 |   0.0 |       1 |       0 |   0.0
            +---------+---------+-------+---------+---------+-------

Skill      XL: |  1  2 |
---------------+-------+-----
Short Blades   | 1 |  1.7
Stealth        | 3 |  3.1
Dodging        | 2 |  2.0
Fighting       | |  0.6
Spellcasting   | |  2.2
Hexes          | |  3.3
Ice Magic      | |  0.3

Action                     || total
---------------------------++-------
  Melee: Dagger            ||   152
   Cast: Ensorcelled Hiber ||     8
    Use: Scroll            ||     6
   Stab: Sleeping          ||    14
 Armour: Robe              ||    60
  Dodge: Dodged            ||   105
  Block: Other             ||    16

Illustrated notes

Table legend:
 A = Kills in this place as a percentage of kills in the entire game.
 B = Kills by you in this place as a percentage of kills by you in the entire game.
 C = Kills by friends in this place as a percentage of kills by friends in the entire game.
 D = Other kills in this place as a percentage of other kills in the entire game.
 E = Experience gained in this place as a percentage of experience gained in the entire game.
 F = Experience gained in this place divided by the number of levels of this place that you have seen.
                   A       B       C       D       E      F
               +-------+-------+-------+-------+-------+----------------------
         Total | 100.0 | 100.0 |   N/A |   N/A | 100.0 |  20.0
       Dungeon | 100.0 | 100.0 |   N/A |   N/A | 100.0 |  20.0
               +-------+-------+-------+-------+-------+----------------------

Table legend: (Time is in decaauts)
 A = Elapsed time spent in this place.
 B = Non-inter-level travel time spent in this place.
 C = Inter-level travel time spent in this place.
 D = Time resting spent in this place.
 E = Time spent auto-exploring this place.
 F = Levels seen in this place.
 G = Mean time per level.
                   A        B        C        D        E       F      G
               +--------+--------+--------+--------+--------+-----+--------+
         Total |   2831 |   2700 |    131 |     17 |   2320 |   4 |  707.8 |
       Dungeon |   2831 |   2700 |    131 |     17 |   2320 |   4 |  707.8 |
               +--------+--------+--------+--------+--------+-----+--------+

Top non-repeatable levels by time:
     D:2: 1291 daAuts
     D:1: 856 daAuts
     D:3: 640 daAuts
     D:4: 43 daAuts
